 Dungeon Crawl Stone Soup version 0.31-a0-365-gcf821cafb2 (webtiles) character file.

Game seed: 14816876639217608647

4 Nabski the Firebug (level 1, 0/10 HPs)
             Began as a Tengu Fire Elementalist on July 28, 2023.
             Slain by a kobold
             ... wielding a +0 whip
              (4 damage)
             ... on level 1 of the Dungeon.
             The game lasted 00:00:43 (74 turns).

Nabski the Firebug (Tengu Fire Elementalist)          Turns: 74, Time: 00:00:44

Health: 0/10       AC:  2    Str:  8    XL:     1   Next: 60%
Magic:  1/4        EV: 12    Int: 15    God:
Gold:   32         SH:  0    Dex: 14    Spells: 3/4 levels left

rFire   . . .        (no weapon)
rCold   . . .        (no shield)
rNeg    . . .        a - +0 robe
rPois   .            (helmet restricted)
rElec   .            (no cloak)
rCorr   .            (no gloves)
SInv    .            (boots unavailable)
Will    .....        (no amulet)
Stlth   ++           (no ring)
HPRegen 0.21/turn    (no ring)
MPRegen 0.09/turn

%: no passive effects
@: no status effects
A: beak, talons 3
a: no special abilities


You were on level 1 of the Dungeon.
You visited 1 branch of the dungeon, and saw 1 of its levels.

You collected 32 gold pieces.

Inventory:

Armour
 a - a +0 robe (worn)
Scrolls
 c - a scroll of torment {unknown}
Potions
 b - a potion of magic


   Skills:
 + Level 2.2 Dodging
 + Level 2.1 Stealth
 + Level 2.0 Spellcasting
 + Level 1.5 Conjurations
 + Level 3.3 Fire Magic


You had 3 spell levels left.
You knew the following spells:

 Your Spells              Type           Power      Damage    Failure   Level
a - Foxfire               Conj/Fire      32%        2x1d5     9%          1

Your spell library contained the following spells:

 Spells                   Type           Power      Damage    Failure   Level
 Scorch                   Fire           22%        2d5       9%          2
 Inner Flame              Hex/Fire       6%         N/A       32%         3
 Volatile Blastmotes      Fire/Tloc      12%        2d11      32%         3
 Flame Wave               Conj/Fire      8%         2d5       63%         4


Dungeon Overview and Level Annotations

Branches:
Dungeon (1/15)

Altars:


Innate Abilities, Weirdness & Mutations

You have a beak for a mouth.
You have claws for feet.


Message History

Unknown command.
Unknown command.
Unknown command.
Unknown command.
c - a scroll labelled QACACA JORU A ball python comes into view.
A ball python is nearby!
A ball python is nearby!
You conjure some foxfire!
The ball python hisses angrily.
The foxfire hits the ball python.
You kill the ball python!
You conjure some foxfire!
Your foxfire dissipates! x2
Magic restored.
You now have 14 gold pieces.
You now have 32 gold pieces (gained 18).
A goblin and an endoplasm come into view.
There are monsters nearby!
There are monsters nearby!
The goblin shouts!
The endoplasm quivers.
You conjure some foxfire!
The endoplasm freezes you.
You are frozen.
The foxfire hits the endoplasm.
The endoplasm is severely wounded.
The foxfire hits the endoplasm.
You kill the endoplasm!
You conjure some foxfire!
A kobold comes into view. It is wielding a +0 whip.
The goblin barely misses you.
You conjure some foxfire!
The foxfire hits the goblin.
You kill the goblin!
The kobold hits you with a +0 whip.
Things that are here:
a +0 club; a goblin corpse You are too injured to fight recklessly!
You completely miss the kobold. The kobold hits you with a +0 whip.
You die...

#...........<.......
..
#.#..#######.#######
# #.#.......⌠#.# .
...
#.#.....##.#.#.##...
#.#......#.#.#.#....
#.##.......#.#......
#.#.#......§........
#.#..#.....vvv.....#
##########@#######
#K# #.. #... .....
...... .......
##.......


You could see a kobold (ally target).

Vanquished Creatures
  A ball python (D:1)
  An endoplasm (D:1)
  A goblin (D:1)
3 creatures vanquished.

Vanquished Creatures (others)
  6 foxfires (D:1)
6 creatures vanquished.

Grand Total: 9 creatures vanquished

Notes
Turn   | Place    | Note
-------+----------+-------------------------------------------
     0 | D:1      | Nabski the Tengu Fire Elementalist began the quest for the
                  | Orb.
     0 | D:1      | Reached XP level 1. HP: 10/10 MP: 4/4
    74 | D:1      | Slain by a kobold

Illustrated notes

Levels and vault maps discovered:
D:1:      matt_arrival_grand_opening, layout_loops_corners,
          amcnicky_mini_corridor_feature, minmay_misc_feat_rugged,
          minmay_tetromino_l4

Action                     || total
---------------------------++-------
  Melee: Unarmed           ||     1
   Cast: Foxfire           ||     5
  Dodge: Dodged            ||     1

Table legend: (Time is in decaauts)
 A = Elapsed time spent in this place.
 B = Non-inter-level travel time spent in this place.
 C = Inter-level travel time spent in this place.
 D = Time resting spent in this place.
 E = Time spent auto-exploring this place.
 F = Levels seen in this place.
 G = Mean time per level.
                   A        B        C        D        E       F      G
               +--------+--------+--------+--------+--------+-----+--------+
         Total |     74 |     74 |      0 |      0 |     58 |   1 |   74.0 |
       Dungeon |     74 |     74 |      0 |      0 |     58 |   1 |   74.0 |
               +--------+--------+--------+--------+--------+-----+--------+

Top non-repeatable levels by time:
     D:1: 74 daAuts
